[ PARTIDA AOE2 · #475511048 ]
UnrankedLituanos vs Poles
Equipo del jugador · DERR
[ ANÁLISIS DE REPETICIÓN · EXTRAÍDO DE LA PARTIDA GRABADA ]
Feudal
10:56
Castillos
14:40
Imperial
—
| APM promedio | 35.6 |
| APM pico | 64 |
| eAPM promedio | 14.1 |
| Aldeanos / militares | 33 / 6 |
Foco
⚔️ 26.3% · 🌾 73.7%
Scout Cavalry ×4 · Monk ×2
Feudal
10:38
Castillos
14:18
Imperial
—
| APM promedio | 57.5 |
| APM pico | 99 |
| eAPM promedio | 24.5 |
| Aldeanos / militares | 45 / 5 |
Foco
⚔️ 19.7% · 🌾 80.3%
Knight ×5
Feudal
11:33
Castillos
—
Imperial
—
| APM promedio | 24.0 |
| APM pico | 70 |
| eAPM promedio | 7.4 |
| Aldeanos / militares | 34 / 0 |
Foco
⚔️ 2.8% · 🌾 97.2%
Feudal
11:51
Castillos
17:17
Imperial
—
| APM promedio | 27.8 |
| APM pico | 60 |
| eAPM promedio | 13.8 |
| Aldeanos / militares | 43 / 9 |
Foco
⚔️ 27.3% · 🌾 72.7%
Spearman ×9
Feudal
11:02
Castillos
15:22
Imperial
—
| APM promedio | 21.8 |
| APM pico | 54 |
| eAPM promedio | 8.7 |
| Aldeanos / militares | 38 / 0 |
Foco
⚔️ 3.5% · 🌾 96.5%
Feudal
9:13
Castillos
—
Imperial
—
| APM promedio | 31.9 |
| APM pico | 59 |
| eAPM promedio | 14.6 |
| Aldeanos / militares | 45 / 30 |
Foco
⚔️ 26.4% · 🌾 73.6%
Archer ×27 · Spearman ×3
Feudal
9:17
Castillos
—
Imperial
—
| APM promedio | 35.3 |
| APM pico | 84 |
| eAPM promedio | 12.7 |
| Aldeanos / militares | 59 / 7 |
Foco
⚔️ 19.2% · 🌾 80.8%
Skirmisher ×7
Feudal
11:35
Castillos
15:51
Imperial
—
| APM promedio | 35.6 |
| APM pico | 69 |
| eAPM promedio | 15.4 |
| Aldeanos / militares | 41 / 0 |
Foco
⚔️ 18.7% · 🌾 81.3%
Mapa de la partida
Recursos iniciales + cada clic de construcción. Líneas = muros · curvas = relieve. ◆ oro · ⬟ piedra · ● bayas · ✦ reliquia · ◌ hueco del cierre
Tu base· ✓ Cerrada en 14:40 · 0t muro · 2 puerta(s)
Base de Jova· ✓ Cerrada en 14:18 · 0t muro · 2 puerta(s)
Base de [ Wildpigs ] Chmontoyas· ✓ Cerrada en 13:19 · 0t muro · 2 puerta(s)
Base de Orion· ✓ Cerrada en 17:17 · 0t muro · 3 puerta(s)
Base de 蕾开丝滑· ✓ Cerrada en 15:22 · 0t muro · 2 puerta(s)
Base de [ Wildpigs ] Carlofos· ✓ Cerrada en 12:00 · 3t muro · 4 puerta(s)
Base de Trust_Me· ✓ Cerrada en 12:00 · 0t muro · 2 puerta(s)
Base de [ Wildpigs ] Mau· ✓ Cerrada en 15:51 · 0t muro · 2 puerta(s)
Terreno inicial suavizado · ◌ = hueco del cierre detectado · pasá el cursor para detalles
Inputs por minuto
— ImPerez22 - - Jova
Build order — ImPerez22
81 acciones detectadas en el replay
| 0:01 | Crear | Villager (Male) |
| 0:01 | Crear | Villager (Male) |
| 0:02 | Crear | Villager (Male) |
| 0:02 | Crear | Villager (Male) |
| 0:03 | Construir | House |
| 0:04 | Construir | House |
| 1:25 | Crear | Villager (Male) |
| 1:25 | Crear | Villager (Male) |
| 1:31 | Crear | Villager (Male) |
| 1:31 | Crear | Villager (Male) |
| 1:52 | Crear | Villager (Male) |
| 2:10 | Construir | Lumber Camp |
| 3:08 | Crear | Villager (Male) |
| 3:27 | Construir | House |
| 3:28 | Construir | House |
| 3:33 | Crear | Villager (Male) |
| 3:34 | Crear | Villager (Male) |
| 4:18 | Crear | Villager (Male) |
| 4:25 | Construir | Mill |
| 4:52 | Crear | Villager (Male) |
| 5:17 | Crear | Villager (Male) |
| 5:31 | Crear | Villager (Male) |
| 6:07 | Crear | Villager (Male) |
| 6:21 | Construir | Lumber Camp |
| 6:24 | Crear | Villager (Male) |
| 6:51 | Crear | Villager (Male) |
| 7:05 | Construir | Farm |
| 7:17 | Crear | Villager (Male) |
| 7:17 | Crear | Villager (Male) |
| 7:17 | Crear | Villager (Male) |
| 8:18 | Construir | Mining Camp |
| 8:21 | Investigar | Feudal Age |
| 8:35 | Construir | House |
| 9:25 | Construir | Barracks |
| 10:37 | Construir | House |
| 10:56 | Edad | Edad Feudal |
| 10:58 | Construir | Market |
| 11:01 | Construir | Stable |
| 11:03 | Crear | Villager (Male) |
| 11:03 | Crear | Villager (Male) |
| 11:50 | Construir | Farm |
| 12:00 | Investigar | Castle Age |
| 12:01 | Investigar | Castle Age |
| 12:30 | Investigar | Double-Bit Axe |
| 12:30 | Investigar | Double-Bit Axe |
| 12:54 | Construir | House |
| 13:07 | Crear | Scout Cavalry |
| 13:24 | Construir | Farm |
| 13:27 | Construir | Farm |
| 13:30 | Crear | Scout Cavalry |
| 13:48 | Construir | Farm |
| 13:51 | Crear | Scout Cavalry |
| 13:51 | Crear | Scout Cavalry |
| 13:55 | Construir | Farm |
| 14:01 | Crear | Villager (Male) |
| 14:07 | Construir | Farm |
| 14:13 | Construir | Farm |
| 14:40 | Edad | Edad de los Castillos |
| 14:44 | Construir | Monastery |
| 14:52 | Investigar | Bow Saw |
| 14:53 | Investigar | Bow Saw |
| 15:01 | Crear | Villager (Male) |
| 15:06 | Crear | Monk |
| 15:27 | Crear | Villager (Male) |
| 15:30 | Construir | Lumber Camp |
| 15:46 | Crear | Villager (Male) |
| 15:48 | Construir | Farm |
| 16:03 | Construir | Farm |
| 16:07 | Crear | Monk |
| 16:13 | Crear | Villager (Male) |
| 16:14 | Construir | Farm |
| 16:27 | Construir | Farm |
| 16:43 | Crear | Villager (Male) |
| 16:46 | Investigar | Fervor |
| 16:50 | Construir | Farm |
| 17:00 | Crear | Villager (Male) |
| 17:05 | Construir | Town Center |
| 17:18 | Construir | Farm |
| 17:31 | Crear | Villager (Male) |
| 17:39 | Construir | House |
| 17:47 | Crear | Villager (Male) |
Build order — Jova
92 acciones detectadas en el replay
| 0:01 | Crear | Villager (Male) |
| 0:02 | Crear | Villager (Male) |
| 0:02 | Crear | Villager (Male) |
| 0:02 | Crear | Villager (Male) |
| 0:03 | Construir | House |
| 0:04 | Construir | House |
| 1:36 | Crear | Villager (Male) |
| 1:36 | Crear | Villager (Male) |
| 1:36 | Crear | Villager (Male) |
| 1:48 | Construir | Lumber Camp |
| 2:00 | Crear | Villager (Male) |
| 2:00 | Crear | Villager (Male) |
| 2:31 | Crear | Villager (Male) |
| 2:48 | Crear | Villager (Male) |
| 2:48 | Crear | Villager (Male) |
| 3:21 | Crear | Villager (Male) |
| 3:21 | Crear | Villager (Male) |
| 3:21 | Crear | Villager (Male) |
| 3:47 | Crear | Villager (Male) |
| 3:48 | Crear | Villager (Male) |
| 3:48 | Crear | Villager (Male) |
| 3:48 | Crear | Villager (Male) |
| 3:48 | Crear | Villager (Male) |
| 3:50 | Construir | Mill |
| 3:55 | Construir | Mill |
| 4:34 | Crear | Villager (Male) |
| 4:49 | Crear | Villager (Male) |
| 4:49 | Crear | Villager (Male) |
| 4:49 | Crear | Villager (Male) |
| 5:14 | Crear | Villager (Male) |
| 5:14 | Crear | Villager (Male) |
| 6:03 | Construir | House |
| 6:08 | Construir | House |
| 6:18 | Crear | Villager (Male) |
| 6:18 | Crear | Villager (Male) |
| 7:08 | Crear | Villager (Male) |
| 7:08 | Crear | Villager (Male) |
| 7:24 | Construir | Mining Camp |
| 8:00 | Crear | Villager (Male) |
| 8:28 | Investigar | Feudal Age |
| 8:28 | Investigar | Feudal Age |
| 8:28 | Investigar | Feudal Age |
| 8:28 | Investigar | Feudal Age |
| 8:29 | Investigar | Feudal Age |
| 10:02 | Crear | Villager (Male) |
| 10:02 | Crear | Villager (Male) |
| 10:02 | Crear | Villager (Male) |
| 10:38 | Edad | Edad Feudal |
| 10:41 | Construir | Market |
| 10:42 | Construir | Blacksmith |
| 11:08 | Construir | Farm |
| 11:09 | Construir | Farm |
| 11:33 | Crear | Villager (Male) |
| 11:38 | Investigar | Castle Age |
| 11:38 | Investigar | Castle Age |
| 11:38 | Investigar | Castle Age |
| 11:38 | Investigar | Castle Age |
| 11:39 | Investigar | Castle Age |
| 11:39 | Investigar | Castle Age |
| 11:46 | Construir | Farm |
| 11:48 | Construir | Farm |
| 12:18 | Investigar | Double-Bit Axe |
| 12:18 | Investigar | Double-Bit Axe |
| 12:18 | Investigar | Double-Bit Axe |
| 12:18 | Investigar | Double-Bit Axe |
| 13:26 | Construir | Barracks |
| 13:58 | Construir | Farm |
| 14:01 | Construir | Farm |
| 14:04 | Construir | Farm |
| 14:09 | Construir | Stable |
| 14:16 | Investigar | Horse Collar |
| 14:17 | Crear | Villager (Male) |
| 14:18 | Edad | Edad de los Castillos |
| 14:28 | Construir | Lumber Camp |
| 14:32 | Crear | Villager (Male) |
| 14:49 | Crear | Knight |
| 14:52 | Crear | Villager (Male) |
| 14:56 | Construir | Farm |
| 15:16 | Crear | Villager (Male) |
| 15:26 | Construir | Farm |
| 15:44 | Crear | Knight |
| 15:45 | Crear | Knight |
| 15:45 | Crear | Knight |
| 15:57 | Crear | Villager (Male) |
| 16:03 | Construir | Town Center |
| 16:06 | Crear | Villager (Male) |
| 16:26 | Crear | Villager (Male) |
| 16:35 | Crear | Villager (Male) |
| 16:41 | Crear | Knight |
| 17:22 | Construir | Mill |
| 17:39 | Crear | Villager (Male) |
| 17:40 | Crear | Villager (Male) |
Build order — [ Wildpigs ] Chmontoyas
58 acciones detectadas en el replay
| 0:03 | Crear | Villager (Male) |
| 0:03 | Crear | Villager (Male) |
| 0:03 | Crear | Villager (Male) |
| 0:03 | Crear | Villager (Male) |
| 0:04 | Crear | Villager (Male) |
| 0:06 | Construir | House |
| 0:08 | Construir | House |
| 1:27 | Crear | Villager (Male) |
| 1:50 | Construir | Lumber Camp |
| 1:56 | Crear | Villager (Male) |
| 1:57 | Crear | Villager (Male) |
| 2:25 | Crear | Villager (Male) |
| 3:05 | Crear | Villager (Male) |
| 3:13 | Crear | Villager (Male) |
| 3:14 | Crear | Villager (Male) |
| 3:34 | Construir | House |
| 3:36 | Construir | House |
| 3:42 | Crear | Villager (Male) |
| 3:44 | Investigar | Loom |
| 4:17 | Crear | Villager (Male) |
| 4:18 | Crear | Villager (Male) |
| 4:24 | Construir | Mill |
| 5:02 | Crear | Villager (Male) |
| 5:03 | Crear | Villager (Male) |
| 5:38 | Crear | Villager (Male) |
| 5:38 | Crear | Villager (Male) |
| 5:59 | Crear | Villager (Male) |
| 5:59 | Crear | Villager (Male) |
| 6:00 | Crear | Villager (Male) |
| 6:00 | Crear | Villager (Male) |
| 6:40 | Crear | Villager (Male) |
| 7:30 | Crear | Villager (Male) |
| 7:32 | Crear | Villager (Male) |
| 7:32 | Crear | Villager (Male) |
| 7:33 | Crear | Villager (Male) |
| 7:57 | Crear | Villager (Male) |
| 8:17 | Construir | Mining Camp |
| 8:51 | Construir | House |
| 8:52 | Construir | House |
| 9:03 | Investigar | Feudal Age |
| 9:04 | Investigar | Loom |
| 9:05 | Crear | Villager (Male) |
| 9:05 | Crear | Villager (Male) |
| 9:06 | Crear | Villager (Male) |
| 11:21 | Construir | Farm |
| 11:23 | Construir | Farm |
| 11:25 | Construir | Farm |
| 11:28 | Construir | Farm |
| 11:30 | Construir | Farm |
| 11:33 | Edad | Edad Feudal |
| 11:41 | Construir | Blacksmith |
| 11:47 | Construir | Market |
| 11:55 | Construir | Farm |
| 13:02 | Crear | Villager (Male) |
| 13:19 | Investigar | Castle Age |
| 13:42 | Investigar | Double-Bit Axe |
| 13:56 | Construir | Mining Camp |
| 14:01 | Crear | Villager (Male) |
Build order — Orion
86 acciones detectadas en el replay
| 0:00 | Crear | Villager (Male) |
| 0:01 | Crear | Villager (Male) |
| 0:02 | Construir | House |
| 0:03 | Construir | House |
| 0:24 | Crear | Villager (Male) |
| 0:36 | Crear | Villager (Male) |
| 0:36 | Crear | Villager (Male) |
| 1:40 | Crear | Villager (Male) |
| 1:40 | Crear | Villager (Male) |
| 1:44 | Construir | Lumber Camp |
| 1:50 | Crear | Villager (Male) |
| 1:50 | Crear | Villager (Male) |
| 1:50 | Crear | Villager (Male) |
| 2:19 | Crear | Villager (Male) |
| 2:19 | Crear | Villager (Male) |
| 2:41 | Crear | Villager (Male) |
| 2:42 | Crear | Villager (Male) |
| 3:22 | Crear | Villager (Male) |
| 3:22 | Crear | Villager (Male) |
| 3:25 | Construir | House |
| 3:44 | Crear | Villager (Male) |
| 3:44 | Crear | Villager (Male) |
| 4:14 | Crear | Villager (Male) |
| 4:14 | Crear | Villager (Male) |
| 4:40 | Crear | Villager (Male) |
| 5:01 | Crear | Villager (Male) |
| 5:19 | Crear | Villager (Male) |
| 5:47 | Construir | Outpost |
| 5:56 | Crear | Villager (Male) |
| 6:00 | Construir | Mill |
| 6:05 | Crear | Villager (Male) |
| 6:14 | Construir | House |
| 6:33 | Construir | Lumber Camp |
| 6:36 | Crear | Villager (Male) |
| 6:52 | Crear | Villager (Male) |
| 7:34 | Crear | Villager (Male) |
| 7:46 | Crear | Villager (Male) |
| 7:52 | Construir | House |
| 7:56 | Construir | Farm |
| 7:57 | Construir | Farm |
| 8:15 | Crear | Villager (Male) |
| 8:31 | Crear | Villager (Male) |
| 8:35 | Construir | Mining Camp |
| 9:08 | Crear | Villager (Male) |
| 9:13 | Construir | Farm |
| 9:26 | Investigar | Feudal Age |
| 9:51 | Construir | Farm |
| 10:03 | Construir | House |
| 10:16 | Construir | Farm |
| 10:29 | Construir | Farm |
| 11:15 | Crear | Villager (Male) |
| 11:16 | Crear | Villager (Male) |
| 11:23 | Construir | Farm |
| 11:51 | Edad | Edad Feudal |
| 12:00 | Construir | Barracks |
| 12:07 | Crear | Villager (Male) |
| 12:13 | Construir | House |
| 12:27 | Crear | Villager (Male) |
| 13:14 | Crear | Villager (Male) |
| 13:42 | Crear | Villager (Male) |
| 13:52 | Construir | Market |
| 13:56 | Construir | Blacksmith |
| 14:14 | Crear | Villager (Male) |
| 14:27 | Investigar | Castle Age |
| 14:27 | Investigar | Castle Age |
| 14:32 | Investigar | Double-Bit Axe |
| 14:37 | Investigar | Castle Age |
| 14:39 | Investigar | Horse Collar |
| 15:25 | Crear | Villager (Male) |
| 15:25 | Crear | Villager (Male) |
| 15:35 | Crear | Spearman |
| 15:38 | Crear | Spearman |
| 15:41 | Construir | Barracks |
| 16:02 | Crear | Spearman |
| 16:02 | Crear | Spearman |
| 16:16 | Crear | Spearman |
| 16:29 | Crear | Spearman |
| 16:35 | Crear | Villager (Male) |
| 16:47 | Crear | Villager (Male) |
| 17:12 | Crear | Spearman |
| 17:17 | Edad | Edad de los Castillos |
| 17:25 | Construir | Monastery |
| 17:26 | Investigar | Pikeman (upgrade) |
| 17:34 | Crear | Spearman |
| 17:38 | Investigar | Forging |
| 17:44 | Crear | Spearman |
Build order — 蕾开丝滑
75 acciones detectadas en el replay
| 0:04 | Construir | House |
| 0:06 | Construir | House |
| 0:07 | Crear | Villager (Male) |
| 0:07 | Crear | Villager (Male) |
| 0:07 | Crear | Villager (Male) |
| 0:11 | Crear | Villager (Male) |
| 0:12 | Crear | Villager (Male) |
| 1:15 | Crear | Villager (Male) |
| 1:58 | Construir | Settlement |
| 2:03 | Crear | Villager (Male) |
| 2:07 | Crear | Villager (Male) |
| 2:45 | Crear | Villager (Male) |
| 3:20 | Crear | Villager (Male) |
| 3:46 | Crear | Villager (Male) |
| 4:16 | Crear | Villager (Male) |
| 4:16 | Crear | Villager (Male) |
| 5:05 | Crear | Villager (Male) |
| 5:06 | Crear | Villager (Male) |
| 5:11 | Construir | Settlement |
| 5:16 | Crear | Villager (Male) |
| 5:46 | Crear | Villager (Male) |
| 6:42 | Crear | Villager (Male) |
| 6:43 | Crear | Villager (Male) |
| 7:34 | Crear | Villager (Male) |
| 7:34 | Crear | Villager (Male) |
| 7:39 | Construir | Farm |
| 8:04 | Construir | Farm |
| 8:10 | Construir | Farm |
| 8:27 | Crear | Villager (Male) |
| 8:29 | Construir | Farm |
| 8:46 | Investigar | Feudal Age |
| 8:53 | Construir | Farm |
| 8:58 | Construir | Farm |
| 9:06 | Construir | House |
| 9:09 | Construir | House |
| 9:27 | Construir | Farm |
| 9:40 | Crear | Villager (Male) |
| 9:41 | Crear | Villager (Male) |
| 11:02 | Edad | Edad Feudal |
| 11:20 | Construir | Blacksmith |
| 11:25 | Crear | Villager (Male) |
| 11:37 | Construir | Market |
| 11:49 | Construir | House |
| 12:03 | Construir | Settlement |
| 12:16 | Crear | Villager (Male) |
| 12:41 | Investigar | Castle Age |
| 12:58 | Investigar | Double-Bit Axe |
| 12:58 | Investigar | Horse Collar |
| 13:14 | Construir | Outpost |
| 13:19 | Construir | Outpost |
| 13:26 | Crear | Villager (Male) |
| 13:26 | Crear | Villager (Male) |
| 14:22 | Construir | Outpost |
| 15:22 | Edad | Edad de los Castillos |
| 15:38 | Construir | Town Center |
| 15:57 | Construir | Town Center |
| 16:03 | Construir | Farm |
| 16:04 | Crear | Villager (Male) |
| 16:14 | Investigar | Bow Saw |
| 16:15 | Investigar | Heavy Plow |
| 16:20 | Investigar | Heavy Plow |
| 16:26 | Crear | Villager (Male) |
| 16:41 | Crear | Villager (Male) |
| 16:46 | Crear | Villager (Male) |
| 16:47 | Crear | Villager (Male) |
| 17:17 | Crear | Villager (Male) |
| 17:17 | Crear | Villager (Male) |
| 17:21 | Crear | Villager (Male) |
| 17:22 | Crear | Villager (Male) |
| 17:27 | Construir | Monastery |
| 17:33 | Crear | Villager (Male) |
| 17:35 | Construir | Farm |
| 17:39 | Construir | Farm |
| 17:47 | Construir | Farm |
| 17:53 | Construir | Farm |
Build order — [ Wildpigs ] Carlofos
118 acciones detectadas en el replay
| 0:01 | Crear | Villager (Male) |
| 0:01 | Crear | Villager (Male) |
| 0:02 | Crear | Villager (Male) |
| 0:02 | Crear | Villager (Male) |
| 0:02 | Crear | Villager (Male) |
| 0:02 | Crear | Villager (Male) |
| 0:04 | Construir | House |
| 0:05 | Construir | House |
| 0:28 | Construir | House |
| 1:35 | Crear | Villager (Male) |
| 1:35 | Crear | Villager (Male) |
| 1:49 | Construir | Lumber Camp |
| 2:06 | Crear | Villager (Male) |
| 2:06 | Crear | Villager (Male) |
| 2:07 | Crear | Villager (Male) |
| 2:23 | Crear | Villager (Male) |
| 2:23 | Crear | Villager (Male) |
| 2:52 | Crear | Villager (Male) |
| 2:52 | Crear | Villager (Male) |
| 2:52 | Crear | Villager (Male) |
| 3:06 | Crear | Villager (Male) |
| 3:07 | Crear | Villager (Male) |
| 3:07 | Crear | Villager (Male) |
| 3:47 | Crear | Villager (Male) |
| 3:48 | Crear | Villager (Male) |
| 3:48 | Crear | Villager (Male) |
| 3:48 | Crear | Villager (Male) |
| 3:50 | Construir | Mill |
| 4:31 | Crear | Villager (Male) |
| 4:32 | Crear | Villager (Male) |
| 4:32 | Crear | Villager (Male) |
| 4:32 | Crear | Villager (Male) |
| 4:53 | Crear | Villager (Male) |
| 4:53 | Crear | Villager (Male) |
| 4:53 | Crear | Villager (Male) |
| 5:32 | Crear | Villager (Male) |
| 5:58 | Crear | Villager (Male) |
| 6:24 | Investigar | Loom |
| 7:03 | Investigar | Feudal Age |
| 7:37 | Construir | Barracks |
| 8:27 | Construir | House |
| 8:54 | Construir | Mining Camp |
| 9:13 | Edad | Edad Feudal |
| 9:14 | Crear | Villager (Male) |
| 9:14 | Crear | Villager (Male) |
| 9:21 | Construir | Archery Range |
| 9:33 | Construir | Watch Tower |
| 9:58 | Crear | Spearman |
| 10:07 | Construir | Palisade Gate |
| 10:16 | Construir | Gate |
| 10:20 | Construir | Stone Wall |
| 10:21 | Crear | Archer |
| 10:22 | Crear | Archer |
| 10:22 | Crear | Archer |
| 10:32 | Construir | House |
| 10:34 | Construir | Palisade Wall |
| 11:21 | Crear | Archer |
| 11:21 | Crear | Archer |
| 11:31 | Crear | Villager (Male) |
| 11:31 | Crear | Villager (Male) |
| 11:31 | Crear | Villager (Male) |
| 11:46 | Construir | Archery Range |
| 11:48 | Construir | Archery Range |
| 11:51 | Crear | Villager (Male) |
| 11:51 | Crear | Villager (Male) |
| 12:22 | Crear | Archer |
| 12:26 | Crear | Villager (Male) |
| 12:32 | Crear | Archer |
| 13:14 | Crear | Archer |
| 13:14 | Crear | Archer |
| 13:15 | Crear | Archer |
| 13:15 | Crear | Archer |
| 13:39 | Crear | Archer |
| 13:39 | Crear | Archer |
| 13:44 | Construir | House |
| 13:45 | Construir | House |
| 14:09 | Construir | House |
| 14:12 | Construir | House |
| 14:14 | Construir | House |
| 14:15 | Construir | House |
| 14:22 | Crear | Archer |
| 14:22 | Crear | Archer |
| 14:22 | Crear | Archer |
| 14:43 | Crear | Archer |
| 14:43 | Crear | Archer |
| 14:44 | Crear | Archer |
| 14:49 | Construir | House |
| 14:50 | Construir | House |
| 14:56 | Crear | Villager (Male) |
| 14:56 | Crear | Villager (Male) |
| 14:57 | Crear | Villager (Male) |
| 14:57 | Crear | Villager (Male) |
| 15:00 | Construir | Farm |
| 15:02 | Construir | Farm |
| 15:04 | Construir | Farm |
| 15:06 | Construir | Farm |
| 15:07 | Construir | Farm |
| 15:24 | Crear | Villager (Male) |
| 15:27 | Crear | Archer |
| 15:27 | Crear | Archer |
| 15:28 | Crear | Archer |
| 16:03 | Crear | Archer |
| 16:03 | Crear | Archer |
| 16:04 | Crear | Archer |
| 16:08 | Construir | Farm |
| 16:10 | Construir | Farm |
| 16:24 | Crear | Archer |
| 16:24 | Crear | Archer |
| 16:25 | Construir | Farm |
| 16:28 | Construir | Farm |
| 16:34 | Construir | Farm |
| 16:35 | Construir | Farm |
| 16:51 | Crear | Spearman |
| 16:51 | Crear | Spearman |
| 16:55 | Construir | House |
| 17:20 | Construir | House |
| 17:23 | Construir | House |
| 17:24 | Construir | House |
Build order — Trust_Me
96 acciones detectadas en el replay
| 0:01 | Crear | Villager (Male) |
| 0:02 | Crear | Villager (Male) |
| 0:02 | Crear | Villager (Male) |
| 0:02 | Crear | Villager (Male) |
| 0:02 | Crear | Villager (Male) |
| 0:03 | Crear | Villager (Male) |
| 0:04 | Construir | House |
| 0:06 | Construir | House |
| 1:32 | Crear | Villager (Male) |
| 1:33 | Crear | Villager (Male) |
| 1:33 | Crear | Villager (Male) |
| 1:44 | Construir | Lumber Camp |
| 2:03 | Crear | Villager (Male) |
| 2:04 | Crear | Villager (Male) |
| 2:04 | Crear | Villager (Male) |
| 2:28 | Crear | Villager (Male) |
| 2:28 | Crear | Villager (Male) |
| 2:38 | Construir | House |
| 2:46 | Crear | Villager (Male) |
| 2:47 | Crear | Villager (Male) |
| 3:19 | Crear | Villager (Male) |
| 3:19 | Crear | Villager (Male) |
| 3:21 | Crear | Villager (Male) |
| 3:21 | Crear | Villager (Male) |
| 4:01 | Crear | Villager (Male) |
| 4:01 | Crear | Villager (Male) |
| 4:16 | Construir | Mill |
| 4:30 | Crear | Villager (Male) |
| 4:30 | Crear | Villager (Male) |
| 4:31 | Crear | Villager (Male) |
| 4:31 | Crear | Villager (Male) |
| 4:51 | Crear | Villager (Male) |
| 4:51 | Crear | Villager (Male) |
| 4:51 | Crear | Villager (Male) |
| 5:39 | Construir | Mining Camp |
| 6:08 | Crear | Villager (Male) |
| 6:09 | Investigar | Loom |
| 7:03 | Investigar | Feudal Age |
| 7:50 | Construir | House |
| 8:07 | Crear | Villager (Male) |
| 8:09 | Crear | Villager (Male) |
| 9:17 | Edad | Edad Feudal |
| 9:18 | Construir | Watch Tower |
| 9:20 | Crear | Villager (Male) |
| 9:20 | Crear | Villager (Male) |
| 9:24 | Construir | Blacksmith |
| 9:36 | Crear | Villager (Male) |
| 9:58 | Construir | House |
| 10:40 | Construir | Watch Tower |
| 10:47 | Investigar | Fletching |
| 10:47 | Investigar | Fletching |
| 10:48 | Crear | Villager (Male) |
| 11:37 | Crear | Villager (Male) |
| 11:37 | Crear | Villager (Male) |
| 11:38 | Crear | Villager (Male) |
| 11:38 | Crear | Villager (Male) |
| 11:38 | Crear | Villager (Male) |
| 12:35 | Crear | Villager (Male) |
| 12:36 | Crear | Villager (Male) |
| 12:48 | Construir | Barracks |
| 13:08 | Construir | Watch Tower |
| 13:15 | Crear | Villager (Male) |
| 13:15 | Crear | Villager (Male) |
| 13:24 | Crear | Villager (Male) |
| 13:24 | Crear | Villager (Male) |
| 13:46 | Construir | Archery Range |
| 13:56 | Crear | Villager (Male) |
| 13:57 | Crear | Villager (Male) |
| 14:28 | Crear | Villager (Male) |
| 14:28 | Crear | Villager (Male) |
| 14:31 | Crear | Villager (Male) |
| 14:31 | Crear | Villager (Male) |
| 14:45 | Crear | Skirmisher |
| 14:45 | Crear | Skirmisher |
| 14:48 | Construir | House |
| 15:05 | Construir | Farm |
| 15:06 | Construir | Farm |
| 15:07 | Construir | Farm |
| 15:20 | Crear | Skirmisher |
| 15:43 | Construir | Watch Tower |
| 16:04 | Crear | Skirmisher |
| 16:05 | Crear | Skirmisher |
| 16:10 | Crear | Villager (Male) |
| 16:11 | Crear | Villager (Male) |
| 16:35 | Investigar | Padded Archer Armor |
| 16:55 | Construir | Watch Tower |
| 17:16 | Crear | Skirmisher |
| 17:17 | Crear | Skirmisher |
| 17:18 | Crear | Villager (Male) |
| 17:18 | Crear | Villager (Male) |
| 17:18 | Crear | Villager (Male) |
| 17:19 | Crear | Villager (Male) |
| 17:21 | Construir | Farm |
| 17:22 | Construir | Farm |
| 17:24 | Construir | Farm |
| 17:26 | Construir | Farm |
Build order — [ Wildpigs ] Mau
75 acciones detectadas en el replay
| 0:02 | Crear | Villager (Male) |
| 0:02 | Crear | Villager (Male) |
| 0:02 | Crear | Villager (Male) |
| 0:02 | Crear | Villager (Male) |
| 0:03 | Crear | Villager (Male) |
| 0:04 | Construir | House |
| 0:06 | Construir | House |
| 1:35 | Crear | Villager (Male) |
| 1:36 | Crear | Villager (Male) |
| 1:52 | Construir | Lumber Camp |
| 2:14 | Crear | Villager (Male) |
| 2:14 | Crear | Villager (Male) |
| 2:27 | Crear | Villager (Male) |
| 2:28 | Crear | Villager (Male) |
| 2:47 | Crear | Villager (Male) |
| 2:47 | Crear | Villager (Male) |
| 4:00 | Crear | Villager (Male) |
| 4:00 | Crear | Villager (Male) |
| 4:11 | Crear | Villager (Male) |
| 4:11 | Crear | Villager (Male) |
| 4:11 | Crear | Villager (Male) |
| 4:14 | Construir | House |
| 4:15 | Construir | House |
| 4:45 | Crear | Villager (Male) |
| 4:45 | Crear | Villager (Male) |
| 4:57 | Crear | Villager (Male) |
| 4:58 | Crear | Villager (Male) |
| 4:58 | Crear | Villager (Male) |
| 5:18 | Construir | Mill |
| 5:50 | Crear | Villager (Male) |
| 5:50 | Crear | Villager (Male) |
| 5:51 | Crear | Villager (Male) |
| 6:26 | Crear | Villager (Male) |
| 6:35 | Crear | Villager (Male) |
| 6:58 | Crear | Villager (Male) |
| 6:58 | Crear | Villager (Male) |
| 8:55 | Investigar | Feudal Age |
| 9:14 | Construir | Mining Camp |
| 9:18 | Crear | Villager (Male) |
| 9:18 | Crear | Villager (Male) |
| 10:03 | Construir | Farm |
| 10:05 | Construir | Farm |
| 10:07 | Crear | Villager (Male) |
| 10:07 | Investigar | Loom |
| 10:09 | Construir | Farm |
| 10:19 | Construir | Farm |
| 10:34 | Construir | Farm |
| 11:28 | Construir | Farm |
| 11:30 | Construir | Farm |
| 11:32 | Construir | Farm |
| 11:35 | Edad | Edad Feudal |
| 11:44 | Construir | House |
| 11:47 | Construir | Market |
| 12:23 | Construir | Blacksmith |
| 13:11 | Investigar | Castle Age |
| 13:28 | Investigar | Double-Bit Axe |
| 14:14 | Construir | Farm |
| 14:16 | Construir | Farm |
| 14:18 | Construir | Farm |
| 14:32 | Construir | Farm |
| 15:51 | Edad | Edad de los Castillos |
| 15:56 | Crear | Villager (Male) |
| 15:59 | Construir | Town Center |
| 16:11 | Construir | Town Center |
| 16:13 | Crear | Villager (Male) |
| 16:13 | Crear | Villager (Male) |
| 16:31 | Crear | Villager (Male) |
| 16:40 | Investigar | Bow Saw |
| 17:05 | Construir | Barracks |
| 17:08 | Crear | Villager (Male) |
| 17:18 | Construir | House |
| 17:21 | Construir | House |
| 17:25 | Crear | Villager (Male) |
| 17:36 | Crear | Villager (Male) |
| 17:36 | Crear | Villager (Male) |
Cronología de la partida
| 7:37 | [ Wildpigs ] Carlofos · first_building Barracks |
| 9:13 | [ Wildpigs ] Carlofos · age_up feudal |
| 9:17 | Trust_Me · age_up feudal |
| 9:21 | [ Wildpigs ] Carlofos · first_building Archery Range |
| 9:25 | ImPerez22 · first_building Barracks |
| 10:20 | [ Wildpigs ] Carlofos · wall_segment Stone Wall x2 |
| 10:34 | [ Wildpigs ] Carlofos · wall_segment Palisade Wall x1 |
| 10:38 | Jova · age_up feudal |
| 10:56 | ImPerez22 · age_up feudal |
| 11:01 | ImPerez22 · first_building Stable |
| 11:02 | 蕾开丝滑 · age_up feudal |
| 11:33 | [ Wildpigs ] Chmontoyas · age_up feudal |
| 11:35 | [ Wildpigs ] Mau · age_up feudal |
| 11:51 | Orion · age_up feudal |
| 11:55 | ImPerez22 · first_market_sell 100 wood |
| 11:56 | ImPerez22 · first_market_buy 100 food |
| 12:00 | Orion · first_building Barracks |
| 12:48 | Trust_Me · first_building Barracks |
| 13:26 | Jova · first_building Barracks |
| 13:46 | Trust_Me · first_building Archery Range |
| 14:09 | Jova · first_building Stable |
| 14:18 | Jova · age_up castle |
| 14:40 | ImPerez22 · age_up castle |
| 14:44 | ImPerez22 · first_building Monastery |
| 15:04 | [ Wildpigs ] Chmontoyas · resign |
| 15:22 | 蕾开丝滑 · age_up castle |
| 15:51 | [ Wildpigs ] Mau · age_up castle |
| 17:00 | [ Wildpigs ] Mau · first_market_buy 100 wood |
| 17:05 | [ Wildpigs ] Mau · first_building Barracks |
| 17:17 | Orion · age_up castle |
| 17:25 | Orion · first_building Monastery |
| 17:27 | 蕾开丝滑 · first_building Monastery |
[ ANÁLISIS IA · 1 CRÉDITO ]
¿Qué pasó realmente en esta partida?
Wolo.gg analiza cada decisión: build order, eco, micro, errores típicos por bracket. Análisis personalizado por WhatsApp o Discord en 30 segundos.
Guía civ
Lituanos
Perfil
Jugador #10042765